 Dungeon Crawl Stone Soup version 0.26.1-2-gb8aa6d0cf2 (webtiles) character file.

Game seed: 7462285141514960002

1694 Electrofox the Cleaver (level 8, -2/66 HPs)
             Began as a Minotaur Fighter on Mar 26, 2021.
             Was an Initiate of Okawaru.
             Slain by Menkaure (17 damage)
             ... on level 6 of the Dungeon.
             The game lasted 00:23:10 (7437 turns).

Electrofox the Cleaver (Minotaur Fighter)           Turns: 7437, Time: 00:23:10

Health: -2/66      AC:  9    Str: 22    XL:     8   Next: 72%
Magic:  16/16      EV:  5    Int:  7    God:    Okawaru [......]
Gold:   394        SH: 10    Dex: 15    Spells: 7/7 levels left

rFire    . . .     SeeInvis .   v - +0 morningstar
rCold    . . .     Faith    .   c - +0 kite shield
rNeg     . . .     Spirit   .   w - +0 chain mail
rPois    .         Reflect  .   (helmet restricted)
rElec    .         Harm     .   (no cloak)
rCorr    .         Rampage  .   (no gloves)
Will     .....                  (no boots)
Stlth    ..........             (no amulet)
HPRegen  0.21/turn              t - +6 ring of dexterity
MPRegen  0.15/turn              b - ring of magical power

@: no status effects
A: retaliatory headbutt, horns 2
a: Renounce Religion


You were on level 6 of the Dungeon.
You worshipped Okawaru.
Okawaru was noncommittal.
You visited 2 branches of the dungeon, and saw 7 of its levels.

You collected 394 gold pieces.

Inventory:

Hand Weapons
 a - a +0 war axe
 s - the cursed +0 spear "Etiaz" {protect, rPois SInv Stlth+, unknown}
   (You found it on level 4 of the Dungeon)

   It grants its wielder temporary protection when it strikes (+7 to AC).
   It protects you from poison.
   It lets you see invisible.
   It makes you more stealthy.
   It has a curse placed upon it.
 v - a +0 morningstar (weapon)
 y - a +1 vorpal spear
Missiles
 f - 17 poisoned darts (quivered)
Armour
 c - a +0 kite shield (worn)
 e - a cursed -2 plate armour
 w - a +0 chain mail (worn)
Jewellery
 b - a ring of magical power (right hand)
 n - an uncursed ring of ice
 t - a +6 ring of dexterity (left hand)
Wands
 q - a wand of polymorph (7)
Scrolls
 g - a scroll of fear {unknown}
 j - 4 scrolls of teleportation
 k - 2 scrolls of magic mapping
 l - 2 scrolls of remove curse
Potions
 d - a potion of might
 h - 5 potions of curing
 i - a potion of heal wounds
 o - 2 potions of lignification
 r - 3 potions of ambrosia
 u - a potion of flight
 x - a potion of invisibility


   Skills:
 - Level 3.6 Fighting
 - Level 13.0 Axes
 + Level 0.0(8.5) Maces & Flails
 - Level 3.6 Armour
 - Level 3.6 Shields


You had 7 spell levels left.
You didn't know any spells.
Your spell library was empty.

Dungeon Overview and Level Annotations

Branches:
Dungeon (6/15)             Temple (1/1) D:6

Altars:
Ashenzari
Cheibriados
Dithmenos
Elyvilon
Gozag
Hepliaklqana
Kikubaaqudgha
Makhleb
Okawaru
Qazlal
Ru
Sif Muna
Trog
Uskayaw
Yredelemnul
Zin

Annotations:
D:3 exclusion: door
D:6 Menkaure


Innate Abilities, Weirdness & Mutations

You reflexively headbutt those who attack you in melee.
You have a pair of horns on your head.


Message History

Menkaure gestures at you while chanting.
Pain shoots through your body!
* * * LOW HITPOINT WARNING * * *
Menkaure hits you but does no damage.
You hit Menkaure. Your headbutt misses Menkaure.
Menkaure is moderately damaged.
You block Menkaure's attack.
You sock Menkaure!
You headbutt Menkaure, but do no damage.
Menkaure is severely damaged.
You block Menkaure's attack.
You hit Menkaure.
Menkaure is almost destroyed.
Menkaure hits you.
* * * LOW HITPOINT WARNING * * *
Menkaure barely misses you.
You closely miss Menkaure.
Menkaure is almost destroyed.
Menkaure hits you!
You die...

*,* #.######.#.# *,* #.#
#.#.###### *,*
####.######.#......# *,*
#................... **,*
#.##.####.###.###### **,,**
#.##.##........# ## **>,,,*
#.##..........## ##>
*,*,,,######.#####.#.########.)
**,,,,#.......@.#.......[......
**,**#.####.##M#..#.##########
*,* *,* #.##.#..#.# *,*
*,***#....#.,#.#
*,***,,,*#..#.#.,#.#
*,,,,,#........!...#
*****,..####..#!.###
*,#****#..>...#********
*,,,,,,...#*#...,,,,,,*


You could see Menkaure (fast).

Vanquished Creatures
  3 ogres
  3 phantoms
  A bullfrog (D:6)
  A scorpion (D:5)
  5 wights (D:4)
  2 howler monkeys (D:4)
  2 bullfrog zombies (D:5)
  A centaur zombie (D:5)
  A jelly (D:5)
  3 orc priests
  A centaur skeleton (D:5)
  2 iguanas
  4 orc wizards
  Terence (D:3)
  Natasha (thrice) (D:4)
  2 worker ants
  A mummy (D:5)
  3 gnolls (D:4)
  7 adders
  2 shadow imps
  A white imp (D:5)
  An ooze (D:1)
  An adder zombie (D:5)
  3 worms
  3 dart slugs
  2 leopard geckos
  16 orcs
  A ball python (D:4)
  6 giant cockroaches
  8 goblins
  11 hobgoblins
  3 jackals (D:6)
  5 bats
  3 frilled lizards
  6 kobolds
  2 quokka skeletons
  2 rats
122 creatures vanquished.

Vanquished Creatures (others)
  A wizard (D:5)
1 creature vanquished.

Grand Total: 123 creatures vanquished

Notes
Turn   | Place    | Note
-------+----------+-------------------------------------------
     0 | D:1      | Electrofox the Minotaur Fighter began the quest for the
                  | Orb.
     0 | D:1      | Reached XP level 1. HP: 19/19 MP: 0/0
    48 | D:1      | Reached skill level 3 in Axes
   150 | D:1      | Reached XP level 2. HP: 24/27 MP: 1/1
   658 | D:1      | Reached skill level 4 in Axes
   908 | D:1      | Reached XP level 3. HP: 33/33 MP: 2/2
  1455 | D:2      | Reached skill level 5 in Axes
  1704 | D:3      | Noticed Terence
  1713 | D:3      | Killed Terence
  1714 | D:3      | Reached XP level 4. HP: 33/40 MP: 3/3
  2260 | D:3      | Reached skill level 6 in Axes
  2578 | D:3      | Reached XP level 5. HP: 43/46 MP: 4/4
  2824 | D:4      | Got an encrusted spear
  2854 | D:4      | Reached skill level 7 in Axes
  2856 | D:4      | Noticed an ogre
  3369 | D:4      | Reached XP level 6. HP: 24/52 MP: 5/5
  3535 | D:4      | Noticed Natasha
  3544 | D:4      | Killed Natasha
  3545 | D:4      | Reached skill level 8 in Axes
  3604 | D:4      | Noticed Natasha
  3911 | D:4      | Killed Natasha
  4104 | D:4      | Reached skill level 9 in Axes
  4287 | D:4      | Reached XP level 7. HP: 54/58 MP: 6/6
  4308 | D:4      | Noticed Natasha
  4317 | D:4      | Killed Natasha
  4591 | D:4      | Reached skill level 10 in Axes
  4980 | D:4      | Found a hazy altar of Hepliaklqana.
  4982 | D:4      | Found a basalt altar of Yredelemnul.
  5219 | D:5      | Entered Level 5 of the Dungeon
  5649 | D:5      | Reached skill level 11 in Axes
  5713 | D:5      | Found a bloodstained altar of Trog.
  5716 | D:5      | Noticed a wizard
  5721 | D:5      | Killed a wizard
  5880 | D:5      | Reached XP level 8. HP: 66/66 MP: 7/7
  6035 | D:5      | Reached skill level 12 in Axes
  6280 | D:5      | Found a snail-covered altar of Cheibriados.
  6641 | D:5      | Found an iron altar of Okawaru.
  6649 | D:5      | Became a worshipper of Warmaster Okawaru
  7153 | D:6      | Found a staircase to the Ecumenical Temple.
  7159 | D:6      | Reached skill level 13 in Axes
  7162 | Temple   | Entered the Ecumenical Temple
  7414 | D:6      | Noticed Menkaure
  7437 | D:6      | Slain by Menkaure

Illustrated notes

Levels and vault maps discovered:
D:1:      lightli_arrival_quake, layout_basic
D:2:      layout_basic
D:3:      layout_basic, nrook_mini_vaults, uniq_terence
D:4:      layout_loops_corners, nicolae_overflow_hidden_temple, uniq_natasha
D:5:      minmay_skewed_foursquare, layout_basic, lemuel_coloured_pillars_altar,
          slow_altar_2, trog_wizard
D:6:      layout_loops_ring, tgw_xom, minmay_temple_entry_proselytizer,
          uniq_menkaure
Temple:   minmay_temple_bridge_abc

Skill      XL: |  1  2  3  4  5  6  7  8 |
---------------+-------------------------+-----
Axes           | 3 4 5 6 7 9 11 13 | 13.0
Fighting       | |  3.6
Armour         | |  3.6
Shields        | |  3.6

Action                   |  1- 3 |  4- 6 |  7- 9 || total
-------------------------+-------+-------+-------++-------
Melee: War axe           |    68 |   136 |   183 ||   387
       Headbutt          |    14 |    15 |    35 ||    64
       Morningstar       |       |       |     8 ||     8
Throw: Dart              |       |       |    16 ||    16
  Use: Scroll            |       |       |    11 ||    11
       Potion            |       |       |     1 ||     1
Armor: Scale mail        |    15 |    40 |    32 ||    87
       Chain mail        |       |       |     7 ||     7
Dodge: Dodged            |     6 |    38 |    30 ||    74
Block: Kite shield       |    30 |    48 |    55 ||   133
